 Dungeon Crawl Stone Soup version bcrawl-1.36.3 (webtiles) character file.

Game seed: 528908897677478605

253923 Locuples the Grave Robber (level 6, -7/32 HPs)
             Began as a Skeleton Necromancer on June 10, 2022.
             Shot with an arrow by a centaur (11 damage)
             ... on level 4 of the Dungeon.
             The game lasted 00:06:13 (2141 turns).

Locuples the Grave Robber (Skeleton Necromancer)    Turns: 2141, Time: 00:06:13

Health: -7/32      AC:  3    Str: 14      XL:     6   Next: 52%
Magic:  0/14       EV: 12    Int: 16      God:
Gold:   233        SH:  0    Dex:  7 (9)  Spells: 15/16 levels left

rFire    . . .     SeeInvis .   a - +0 dagger (pain)
rCold    + . .     Gourm    .   (no shield)
rNeg     + + +     Faith    .   b - +0 robe
rPois    ∞         Spirit   +   f - +0 helmet
rElec    .         Reflect  .   (no cloak)
rCorr    .                      (no gloves)
MR       .....                  (no boots)
Stlth    ++........             (no amulet)
HPRegen  0.10/turn              (no ring)
MPRegen  0.14/turn              (no ring)

@: no status effects
A: no food or potions, cold resistance 1, deterioration 1, negative energy
resistance 3, powered by death 1, torment resistance, unbreathing, magic shield,
sturdy frame 1, spell healing
a: no special abilities


You were on level 4 of the Dungeon.
You were not hungry.

You visited 1 branch of the dungeon, and saw 4 of its levels.

You collected 233 gold pieces.

Inventory:

Hand Weapons
 a - a +0 dagger of pain (weapon)
Armour
 b - a +0 robe (worn)
 e - a +0 pair of gloves
 f - a +0 helmet (worn)
Wands
 g - a wand of disintegration (6)
Scrolls
 c - a scroll of fear {unknown}
 d - a scroll of magic mapping {unknown}
 h - a scroll of enchant weapon {unknown}
 i - 2 scrolls of identify
 j - a scroll of blinking {unknown}


   Skills:
 - Level 2.0 Dodging
 + Level 3.7 Stealth
 + Level 5.9 Spellcasting
 + Level 7.0 Necromancy


You had 15 spell levels left.
You knew the following spells:

 Your Spells              Type           Power        Failure   Level  Hunger
a - Necrotize             Necr           ####..       1%          1    N/A

Your spell library contained the following spells:

 Spells                   Type           Power        Failure   Level  Hunger
 Vampiric Draining        Necr           ####......   2%          3    N/A
 Agony                    Necr           ####....     8%          4    N/A
 Animate Dead             Necr           N/A          8%          4    N/A
 Dispel Undead            Necr           ####....     22%         5    N/A

Dungeon Overview and Level Annotations

Branches:
Dungeon (4/12)
 Temple: D:4-7

Altars:


Innate Abilities, Weirdness & Mutations

You do not eat or drink.
You are immune to poison.
Your flesh is cold resistant. (rC+)
Your body sometimes deteriorates upon taking damage.
You are immune to negative energy. (rN+++)
You regenerate a little health from kills.
You are immune to unholy pain and torment.
You can survive without breathing.
When hurt, damage is shared between your health and your magic reserves.
Your movements are slightly less encumbered by armour. (ER -2)
Casting spells heals you.


Message History

Unknown command.
Casting: Necrotize (safe; 1% risk of failure)
Confirm with . or Enter, or press ? or * to list all spells.
You don't have enough magic to cast that spell.
Casting: Necrotize (safe; 1% risk of failure)
Confirm with . or Enter, or press ? or * to list all spells.
You don't have enough magic to cast that spell.
Casting: Necrotize (safe; 1% risk of failure)
Confirm with . or Enter, or press ? or * to list all spells.
You don't have enough magic to cast that spell.
Unknown command.
Unknown command.
The centaur shoots an arrow.
The arrow hits you.
* * * LOW HITPOINT WARNING * * *
Casting: Necrotize (safe; 1% risk of failure)
Confirm with . or Enter, or press ? or * to list all spells.
You don't have enough magic to cast that spell.
Unknown command.
The centaur shoots an arrow.
The arrow hits you!
You die...

###......## #
##.........# #..
###.........# ## #..#
.##.........# .##..#
#.##........# ##.#..#
##.#........####....#
###.#......###.....##
.###.##.......Z.....##
.# ##.......###.@....#
.## #...##### #......#
..##.#..# #.....c..#
....#.##.# #.........#
..>...# #.#
#......#..# .....## #.
.......# .. ..>.##
........# . #.#.# #
###......# .#######
#.#.####..# ........


You could see a centaur and a friendly orc zombie.

Vanquished Creatures
  A sky beast (D:4)
  An ogre (D:3)
  A howler monkey (D:3)
  Jessica (D:2)
  Natasha (D:3)
  A worker ant (D:4)
  A howler monkey skeleton (D:3)
  2 adders (D:3)
  An ooze (D:3)
  A dart slug (D:3)
  A leopard gecko (D:3)
  2 orcs
  4 giant cockroaches
  9 goblins
  7 hobgoblins
  4 jackals (D:3)
  6 kobolds
  2 frilled lizards
  A quokka skeleton (D:4)
  5 rats
52 creatures vanquished.

Vanquished Creatures (collateral kills)
  Robin (D:3)
  An adder (D:3)
  A kobold (D:1)
3 creatures vanquished.

Grand Total: 55 creatures vanquished

Notes
Turn   | Place    | Note
-------+----------+-------------------------------------------
     0 | D:1      | Locuples the Skeleton Necromancer began the quest for the
                  | Orb.
     0 | D:1      | Reached XP level 1. HP: 10/10 MP: 4/4
   310 | D:1      | Reached XP level 2. HP: 13/15 MP: 0/6
   528 | D:1      | Reached skill level 5 in Necromancy
   561 | D:1      | You fall into a shaft and drop 1 floor!
   561 | D:2      | Noticed Jessica
   563 | D:2      | Killed Jessica
   564 | D:2      | Reached XP level 3. HP: 15/19 MP: 5/7
   985 | D:3      | Reached XP level 4. HP: 24/24 MP: 9/9
  1114 | D:3      | Reached skill level 6 in Necromancy
  1295 | D:3      | Noticed Robin
  1306 | D:3      | Reached XP level 5. HP: 19/28 MP: 6/11
  1337 | D:3      | Killed Robin
  1474 | D:3      | Noticed Natasha
  1481 | D:3      | Killed Natasha
  1621 | D:3      | Noticed an ogre
  1629 | D:3      | Killed an ogre
  1630 | D:3      | Reached skill level 5 in Spellcasting
  1630 | D:3      | Gained mutation: You regenerate a little health from kills.
                  | [Skeleton growth]
  1630 | D:3      | Reached XP level 6. HP: 30/32 MP: 5/13
  1889 | D:4      | Noticed a sky beast
  1900 | D:4      | Killed a sky beast
  1901 | D:4      | Reached skill level 7 in Necromancy
  2141 | D:4      | Shot with an arrow by a centaur

Skill      XL: |  1  2  3  4  5  6 |
---------------+-------------------+-----
Necromancy     | 5 6 7 |  7.0
Spellcasting   | 4 5 |  5.9
Stealth        | 3 |  3.7
Dodging        | |  2.0

Action                   |  1- 3 |  4- 6 || total
-------------------------+-------+-------++-------
Melee: Dagger            |    73 |    55 ||   128
 Cast: Necrotize         |    12 |    38 ||    50
 Stab: Sleeping          |     3 |     2 ||     5
Armor: Robe              |     7 |    12 ||    19
Dodge: Dodged            |    46 |    53 ||    99
